Map: Bel'Shir Vestige LE (Void)

Players

Neeb

  • Race: Protoss Protoss
  • Spawn Location: 5:00

Stats - Winner!

  • Race: Protoss Protoss
  • Spawn Location: 11:00

Event: IEM XI Katowice - World Championship 2017

VOD

Have the link to the VOD?

Description

Time

  • Played on: March 2, 2017, 2:15 a.m.
  • Length: 8:53

All games in this series

Show
View Real Time Build Order
Export as new Build Order

Neeb Protoss 

Build Orders:  

Get SALT Encoding   

  12  0:00  Probe (Chrono Boost)  
  13  0:11  Probe (Chrono Boost)  
  14  0:18  Pylon  
  14  0:21  Probe (Chrono Boost)  
  15  0:36  Probe (Chrono Boost)  
  15  0:37  Gateway  
  15  0:42  Assimilator  
  16  0:47  Probe (Chrono Boost)  
  17  0:50  Assimilator  
  17  0:58  Probe (Chrono Boost)  
  17  1:03  Gateway  
  18  1:08  Probe (Chrono Boost)  
  19  1:19  Probe (Chrono Boost)  
  19  1:23  Cybernetics Core  
  20  1:29  Probe (Chrono Boost)  
  21  1:32  Pylon  
  22  1:40  Probe (Chrono Boost)  
  22  1:48  Warp Gate  
  22  1:50  Probe (Chrono Boost)  
  24  2:02  Probe (Chrono Boost)  
  24  2:04  Stalker  
  24  2:05  Stalker  
  30  2:16  Mothership Core (Chrono Boost)  
  30  2:28  Pylon  
  30  2:29  Robotics Facility  
  30  2:55  Nexus  
  30  3:01  Probe (Chrono Boost)  
  32  3:13  Probe (Chrono Boost)  
  32  3:15  Observer  
  32  3:19  Robotics Bay  
  33  3:25  Probe (Chrono Boost)  
  34  3:28  Pylon  
  34  3:37  Probe (Chrono Boost)  
  34  3:38  Pylon, Warp Prism  
  38  3:49  Probe (Chrono Boost)  
  38  3:51  Pylon  
  38  3:52  Pylon  
  39  4:03  Probe (Chrono Boost)  
  39  4:08  Stalker  
  39  4:09  Disruptor, Probe (Chrono Boost)  
  46  4:17  Probe (Chrono Boost)  
  46  4:18  Gravitic Drive  
  46  4:21  Probe (Chrono Boost)  
  47  4:26  Pylon  
  47  4:29  Probe (Chrono Boost)  
  48  4:32  Probe (Chrono Boost)  
  48  4:36  Stalker  
  51  4:39  Stalker  
  51  4:43  Probe (Chrono Boost)  
  51  4:44  Probe (Chrono Boost)  
  55  4:50  Assimilator  
  55  4:53  Assimilator  
  55  4:55  Probe x2 (Chrono Boost)  
  57  5:06  Probe (Chrono Boost)  
  55  5:07  Probe (Chrono Boost)  
  55  5:11  Twilight Council  
  55  5:12  Immortal  
  55  5:16  Probe (Chrono Boost)  
  55  5:19  Probe (Chrono Boost)  
  61  5:27  Probe (Chrono Boost), Stalker  
  64  5:31  Probe (Chrono Boost)  
  65  5:37  Probe (Chrono Boost)  
  65  5:38  Blink  
  67  5:43  Probe (Chrono Boost)  
  67  5:47  Forge  
  67  5:48  Probe (Chrono Boost)  
  68  5:50  Gateway  
  68  5:55  Probe (Chrono Boost)  
  69  6:03  Pylon x2  
  69  6:05  Protoss Ground Weapons Level 1  
  69  6:16  Probe (Chrono Boost)  
  70  6:21  Immortal  
  70  6:24  Sentry x2  
  70  6:25  Pylon x2  
  78  6:43  Nexus  
  78  6:46  Pylon, Stalker  
  80  6:48  Stalker  
  80  6:51  Stalker  
  84  6:58  Disruptor, Probe x2 (Chrono Boost)  
  89  7:08  Gateway  
  89  7:19  Probe x2 (Chrono Boost)  
  86  7:29  Disruptor  
  87  7:30  Stalker x3  
  87  7:31  Probe x2 (Chrono Boost)  
  87  7:36  Pylon  
  97  7:43  Probe (Chrono Boost)  
  94  8:01  Disruptor  
  94  8:03  Probe x2 (Chrono Boost), Stalker x3  
  102  8:07  Gateway  
  102  8:08  Gateway  
  102  8:11  Pylon  
  104  8:24  Probe x2 (Chrono Boost)  
  104  8:30  Stalker x2  
  104  8:31  Stalker  
  111  8:35  Stalker  
Show
View Real Time Build Order
Export as new Build Order

Stats Protoss - Winner!

Build Orders:  

Get SALT Encoding   

  12  0:00  Probe (Chrono Boost)  
  13  0:11  Probe (Chrono Boost)  
  14  0:16  Pylon  
  14  0:22  Probe (Chrono Boost)  
  15  0:35  Gateway, Probe (Chrono Boost)  
  16  0:40  Assimilator  
  16  0:45  Probe (Chrono Boost)  
  17  0:52  Assimilator  
  17  0:56  Probe (Chrono Boost)  
  18  1:06  Probe (Chrono Boost)  
  18  1:07  Gateway  
  19  1:17  Probe (Chrono Boost)  
  20  1:23  Cybernetics Core  
  20  1:27  Probe (Chrono Boost)  
  20  1:29  Pylon  
  21  1:38  Probe (Chrono Boost)  
  22  1:48  Probe (Chrono Boost)  
  23  1:56  Warp Gate  
  23  2:00  Adept x2, Mothership Core (Chrono Boost)  
  29  2:04  Pylon  
  29  2:20  Probe (Chrono Boost)  
  30  2:27  Adept  
  30  2:28  Adept  
  34  2:49  Nexus  
  34  2:52  Pylon  
  34  2:57  Probe (Chrono Boost)  
  35  3:05  Robotics Facility  
  35  3:08  Probe (Chrono Boost)  
  38  3:13  Sentry  
  38  3:14  Sentry  
  38  3:19  Probe (Chrono Boost)  
  41  3:29  Probe (Chrono Boost)  
  42  3:40  Probe (Chrono Boost)  
  43  3:48  Warp Prism  
  43  3:52  Probe (Chrono Boost)  
  46  4:02  Probe (Chrono Boost)  
  48  4:04  Probe (Chrono Boost)  
  48  4:09  Twilight Council  
  48  4:13  Sentry, Stalker  
  48  4:15  Probe (Chrono Boost)  
  48  4:16  Probe (Chrono Boost)  
  54  4:21  Observer  
  55  4:28  Pylon, Probe (Chrono Boost)  
  55  4:29  Probe (Chrono Boost)  
  57  4:35  Assimilator  
  57  4:37  Blink  
  58  4:38  Assimilator, Probe (Chrono Boost)  
  58  4:41  Probe (Chrono Boost)  
  59  4:52  Probe (Chrono Boost)  
  61  4:53  Probe (Chrono Boost)  
  61  4:54  Observer  
  60  5:12  Probe (Chrono Boost), Immortal  
  60  5:13  Probe (Chrono Boost)  
  61  5:23  Probe (Chrono Boost)  
  61  5:26  Probe (Chrono Boost)  
  63  5:29  Pylon  
  63  5:32  Stalker x2  
  63  5:35  Probe (Chrono Boost)  
  68  5:38  Probe (Chrono Boost)  
  67  5:46  Immortal  
  67  5:47  Probe (Chrono Boost)  
  67  5:48  Pylon  
  69  5:50  Pylon, Probe (Chrono Boost)  
  69  5:55  Pylon  
  73  5:58  Gateway  
  73  5:59  Gateway  
  73  6:01  Gateway  
  73  6:02  Sentry x2  
  77  6:17  Probe (Chrono Boost), Gateway  
  77  6:18  Probe (Chrono Boost)  
  78  6:20  Immortal  
  82  6:28  Forge  
  82  6:32  Sentry x2  
  86  6:41  Nexus  
  86  6:45  Pylon  
  86  6:58  Stalker x2  
  86  6:59  Stalker  
  92  7:05  Stalker x2  
  96  7:15  Stalker  
  98  7:28  Stalker  
  98  7:29  Stalker x3  
  106  7:31  Stalker  
  106  8:00  Probe (Chrono Boost)  
  106  8:01  Probe x2 (Chrono Boost)  
  106  8:02  Stalker x5  
  106  8:03  Stalker  
  121  8:10  Probe (Chrono Boost)  
  123  8:13  Probe (Chrono Boost)  
  123  8:20  Pylon  
  123  8:40  Stalker x2  
  123  8:41  Stalker x2  
  133  8:44  Stalker x2  

Tags
 
Add a new tag
Caveats
  • Supply blocks, unpowered buildings, or Contaminate may cause inaccurate times.
  • Supply counts are checked every 10 seconds.